 Dungeon Crawl Stone Soup version 0.26-a0-67-g850bfe61e3 (webtiles) character file.

Game seed: 10267660820969669892

1552 drasked the Destroyer (level 8, 0/41 HPs)
             Began as a Deep Elf Wizard on June 12, 2020.
             Was an Initiate of Vehumet.
             Slain by a wyvern skeleton (10 damage)
             ... on level 8 of the Dungeon.
             The game lasted 00:30:02 (7643 turns).

drasked the Destroyer (Deep Elf Wizard)             Turns: 7643, Time: 00:30:02

Health: 0/41       AC:  4    Str: 14    XL:     8   Next: 57%
Magic:  14/20      EV: 13    Int: 24    God:    Vehumet [......]
Gold:   89         SH:  0    Dex: 13    Spells: 13/21 levels left

rFire    + . .     SeeInvis .   y - +4 dagger of Desperation {flame, rN+ Str+8}
rCold    . . .     Gourm    .   (no shield)
rNeg     + . .     Faith    .   r - +1 robe "Kebafig" {rPois} (curse)
rPois    +         Spirit   .   b - +0 hat
rElec    +         Reflect  .   c - +0 cloak
rCorr    .         Harm     .   (no gloves)
MR       .....                  (no boots)
Stlth    +.........             (no amulet)
HPRegen  0.13/turn              z - ring "Xuateef" {rElec Slay+4 Stlth-}
MPRegen  0.17/turn              F - ring of protection from fire {rF+, !d}

@: no status effects
A: no striking features
a: Renounce Religion


You were on level 8 of the Dungeon.
You worshipped Vehumet.
Vehumet was noncommittal.
You were not hungry.

You visited 2 branches of the dungeon, and saw 11 of its levels.

You collected 269 gold pieces.
You spent 180 gold pieces at shops.

Inventory:

Hand Weapons
 y - the +4 dagger of Desperation (weapon) {flame, rN+ Str+8}
   (You found it on level 7 of the Dungeon)

   It has been specially enchanted to burn those struck by it, causing extra
   injury to most foes and up to half again as much damage against particularly
   susceptible opponents.
   It affects your strength (+8).
   It protects you from negative energy.
Missiles
 d - 3 javelins
 u - 3 silver javelins
 x - 18 poisoned darts
 Q - 15 stones (quivered)
Armour
 b - a +0 hat (worn)
 c - a +0 cloak (worn)
   (You found it on level 1 of the Dungeon)
 r - the cursed +1 robe "Kebafig" (worn) {rPois}
   (You bought it in a shop on level 7 of the Dungeon)

   It protects you from poison.
   It has a curse placed upon it.
Jewellery
 p - a +6 ring of strength
   (You took it off an orc on level 3 of the Dungeon)
 z - the ring "Xuateef" (left hand) {rElec Slay+4 Stlth-}
   (You found it on level 7 of the Dungeon)

   [ring of attention]

   It affects your accuracy and damage with ranged weapons and melee attacks
   (+4).
   It insulates you from electricity.
   It makes you less stealthy.
 F - a ring of protection from fire (right hand) {rF+, !d}
   (You found it on level 2 of the Dungeon)
Wands
 s - a wand of iceblast (11)
   (You found it on level 7 of the Dungeon)
Scrolls
 g - a scroll of fear
 o - a scroll of amnesia
Potions
 h - 3 potions of lignification {!q!q}
 j - 3 potions of cancellation
 k - a potion of magic {unknown}
 m - 2 potions of resistance {unknown}
 n - 4 potions of ambrosia
 q - a potion of curing
 v - a potion of stabbing {unknown}
 w - a potion of mutation {unknown}
Comestibles
 a - 2 chunks of flesh {@w0}
 e - 19 rations


   Skills:
 - Level 2.4 Dodging
 - Level 2.4 Stealth
 - Level 7.0 Spellcasting
 + Level 10.1 Conjurations
 + Level 2.3 Summonings
 - Level 1.1 Translocations
 - Level 2.0 Air Magic
 - Level 2.0 Poison Magic


You had 13 spell levels left.
You knew the following spells:

 Your Spells              Type           Power        Failure   Level  Hunger
a - Magic Dart            Conj           ####         1%          1    None
b - Blink                 Tloc           N/A          7%          2    None
c - Call Imp              Summ           ###.....     4%          2    None
x - Mephitic Cloud        Conj/Pois/Air  ####....     3%          3    None

Your spell library contained the following spells:

 Spells                   Type           Power        Failure   Level  Hunger
 Foxfire                  Conj/Fire      ####         1%          1    None
 Conjure Flame            Conj/Fire      ####....     2%          3    None
 Sticky Flame             Conj/Fire      ####....     9%          4    ###....
 Slow                     Hex            #.......     11%         2    None
 Inner Flame              Hex/Fire       #.......     22%         3    None
 Fireball                 Conj/Fire      ####......   26%         5    #####..
 Iskenderun's Battlesphe  Conj/Chrm      ####....     26%         5    #####..
 Bolt of Magma            Conj/Fire/Erth ###.......   45%         5    #####..
 Orb of Destruction       Conj           ######....   67%         7    #######
 Iron Shot                Conj/Erth      ####......   80%         6    ######.
 Spellforged Servitor     Conj/Summ      #####.....   99%         7    #######


Dungeon Overview and Level Annotations

Branches:
Dungeon (10/15)            Temple (1/1) D:7            Lair (0/6) D:9
    Orc: D:9-12

Altars:
Ashenzari
Cheibriados
Dithmenos
Elyvilon
Fedhas
Gozag
Hepliaklqana
Kikubaaqudgha
Makhleb
Nemelex Xobeh
Okawaru
Qazlal
Ru
Trog
Uskayaw
Vehumet
Wu Jian
Xom
Yredelemnul
Zin
The Shining One

Shops:
D:7 [[

Annotations:
D:7 Menkaure
D:9 Grum


Message History

There is an open door here.
Q - 15 stones (quivered)
Things that are here:
a +0 hand axe; a +0 leather armour Some of the chunks of flesh in your inventory have rotted away.
You see here a mace.
You open the door. 3 orcs and an orc priest come into view.
The orc shouts! x3
Found a stone staircase leading down.
There is an open door here.
There are monsters nearby!
Aim: an orc, wielding a +0 club and wearing a +0 scale mail The ball explodes into a vile cloud!
The stinking cloud engulfs the orc but does no damage.
The stinking cloud engulfs you but does no damage.
The stinking cloud engulfs the orc but does no damage.
The orc is engulfed in noxious fumes.
The orc appears confused.
The orc barely misses the orc.
You puncture the orc! You burn the orc.
You kill the orc!
You don't know that spell.
Aim: an orc priest, wielding a +0 short sword The ball explodes into a vile cloud!
The stinking cloud engulfs the orc priest but does no damage.
The orc priest is engulfed in noxious fumes.
The orc priest appears confused.
You puncture the orc priest! You burn the orc priest.
You kill the orc priest!
You start resting.
All of the chunks of flesh in your inventory have rotted away.
The orc is too close now for your liking.
Aim: an orc, wielding a +0 dagger and wearing a +0 chain mail (severely wounded)
The magic dart hits the orc but does no damage.
Aim: an orc, wielding a +0 dagger and wearing a +0 chain mail (severely wounded)
The magic dart hits the orc.
You kill the orc!
You start resting.
The orc is too close now for your liking.
Aim: an orc, wielding a +0 flail The magic dart hits the orc.
Aim: an orc, wielding a +0 flail (heavily wounded)
The magic dart hits the orc.
You kill the orc!
You start resting.
You butcher the orc corpse.
a - a chunk of flesh {@w0}
Things that are here:
a +0 flail; a +0 short sword; an orc skeleton
Things that are here:
a +0 flail; a +0 short sword; an orc skeleton You butcher the orc corpse.
a - 2 chunks of flesh {@w0} (gained 1)
Things that are here:
a +0 dagger; a +0 chain mail; an orc skeleton
Things that are here:
a +0 dagger; a +0 chain mail; an orc skeleton
There is an open door here.
Things that are here:
a +0 club; a +0 scale mail You open the door.
There is an open door here.
Found a stone staircase leading up.
You now have 89 gold pieces (gained 11).
As you open the door, it creaks loudly!
Menkaure, Prince of Dust comes into view.
Menkaure shouts!
Menkaure gestures wildly while chanting.
Menkaure seems to speed up.
A beastly little devil appears in a puff of flame.
A beastly little devil appears in a puff of flame.
A beastly little devil appears in a puff of flame.
Menkaure calls on the powers of darkness!
Your body is wracked with pain!
* * * LOW HITPOINT WARNING * * *
Your crimson imp blinks!
Menkaure calls on the powers of darkness!
Your body is wracked with pain!
* * * LOW HITPOINT WARNING * * *
Your crimson imp blinks!
There is an open door here.
Unknown command.
As you read the scroll of fog, it crumbles to dust.
The scroll dissolves into smoke.
Menkaure hits something!
Menkaure hits your crimson imp!
There is a stone staircase leading down, spattered with blood here.
You climb downwards.
A wyvern skeleton comes into view.
There is a stone staircase leading up here.
Aim: a wyvern skeleton The magic dart hits the wyvern skeleton.
The wyvern skeleton closely misses you.
Aim: a wyvern skeleton (lightly damaged)
The magic dart hits the wyvern skeleton!
The wyvern skeleton bites you.
* * * LOW HITPOINT WARNING * * *
Aim: a wyvern skeleton (moderately damaged)
The magic dart hits the wyvern skeleton.
The wyvern skeleton bites you!
You die...

###########.###
######..............
.
#...†..............#
#
#.####(###.#####.#.#
### #.# #.# #.# ..#
###.####.# #.# #.#
#......O<# #.. #.#
......#.#.##
.#.######.# #.#
###.##.###.. #
#@.....# ######.# #.
## ### #Z.%####.#
#....... #. #.#..#
#.#..... . ......#
#..##... . ##. ##.#
#..#.#.. .. .#
##...#.## ## .#
#.....##. .#
......#.# #
.##.....#.


You could see a wyvern skeleton.

Levels and vault maps discovered:
D:1:      enne_arrival_octagon_isle, layout_rooms,
          minmay_misc_feat_four_crosses, minmay_misc_feat_encased,
          grunt_decor_mini_mirrors
D:2:      layout_basic
D:3:      layout_rooms, uniq_jessica, uniq_robin
D:4:      layout_loops_cross, hangedman_feature_mirror
D:5:      layout_basic, first_ration
D:6:      layout_loops_corners, kennysheep_little_box
D:7:      statuecave_lemuel, layout_gridville, minmay_temple_entry_antechambers,
          serial_shops, kennysheep_mini_moat, shop, shop,
          nicolae_shop_overgrown_old_shop, uniq_maggie, uniq_menkaure,
          uniq_crazy_yiuf_cottage
D:8:      layout_loops_ring, grunt_livestock, minmay_misc_feat_secret_circle,
          chequers_serial_rivers_large_b
D:9:      layout_roguey, dpeg_oklobed_lair, basic_altar, solitary_fountain,
          uniq_grum
D:10:     minmay_the_grid_triangle_9x9_rhombus_thin
          [minmay_the_grid_triangle_9x9_intruding_spiral,
          minmay_the_grid_triangle_9x9_prize_insulated,
          minmay_the_grid_triangle_9x9_longest,
          minmay_the_grid_triangle_9x9_thin_v], layout_gridville, orc_0_dummy,
          trog_ov_bears_minmay
Temple:   nicolae_temple_the_god_donut

Notes
Turn   | Place    | Note
-------+----------+-------------------------------------------
     0 | D:1      | drasked the Deep Elf Wizard began the quest for the Orb.
     0 | D:1      | Reached XP level 1. HP: 10/10 MP: 7/7
     9 | D:1      | Identified a +0 cloak (You found it on level 1 of the
                  | Dungeon)
   149 | D:1      | Identified a +0 club
   151 | D:1      | Reached skill level 2 in Conjurations
   161 | D:1      | Reached XP level 2. HP: 11/15 MP: 2/9
   165 | D:1      | Learned a level 2 spell: Call Imp
   168 | D:1      | Learned a level 2 spell: Blink
   385 | D:1      | Identified a +0 dagger
   449 | D:1      | Reached skill level 3 in Conjurations
   591 | D:1      | Identified a +0 dagger
   738 | D:2      | Reached XP level 3. HP: 19/19 MP: 4/10
   895 | D:2      | Identified a +0 club
  1317 | D:2      | Reached skill level 4 in Conjurations
  1337 | D:2      | Learned a level 3 spell: Mephitic Cloud
  1740 | D:2      | Identified a ring of protection from fire (You found it on
                  | level 2 of the Dungeon)
  1741 | D:2      | Identified 2 scrolls of fear
  1742 | D:2      | Identified 2 scrolls of fog
  1754 | D:3      | Identified a +0 robe
  1754 | D:3      | Noticed Jessica
  1759 | D:3      | Killed Jessica
  1759 | D:3      | Reached XP level 4. HP: 24/24 MP: 6/12
  1766 | D:3      | Identified a +0 dagger
  1766 | D:3      | Identified a +0 club
  1766 | D:3      | Identified a +0 dagger
  1775 | D:3      | Identified a +0 war axe
  1781 | D:3      | Identified a +0 dagger
  1781 | D:3      | Identified a +0 club
  1784 | D:3      | Identified a +1 dagger of draining
  1789 | D:3      | Identified a +0 dagger
  1790 | D:3      | Identified a +0 dagger
  1792 | D:3      | Identified a +0 club
  1887 | D:3      | Identified a +0 club
  1888 | D:3      | Identified a +0 dagger
  1888 | D:3      | Identified a +0 animal skin
  1888 | D:3      | Identified a +2 helmet
  1888 | D:3      | Noticed Robin
  1892 | D:3      | Identified a +0 club
  2007 | D:3      | Identified a +6 ring of strength
  2048 | D:3      | Reached skill level 5 in Conjurations
  2110 | D:3      | Killed Robin
  2120 | D:3      | Identified a +0 whip
  2243 | D:3      | Reached XP level 5. HP: 28/28 MP: 10/13
  2309 | D:3      | Identified a cursed -1 short sword
  2311 | D:3      | Identified a +0 club
  2427 | D:3      | Identified a +0 long sword
  2442 | D:3      | Identified a +0 dagger
  2601 | D:3      | Identified 2 scrolls of identify
  2601 | D:3      | Identified 3 potions of heal wounds
  2602 | D:3      | Identified 3 scrolls of teleportation
  2635 | D:3      | Identified a ring of teleportation (You found it on level 3
                  | of the Dungeon)
  2636 | D:3      | Identified a scroll of noise
  2666 | D:4      | Identified a +0 giant club
  2666 | D:4      | Noticed an ogre
  2678 | D:4      | Killed an ogre
  2678 | D:4      | Reached skill level 6 in Conjurations
  2765 | D:4      | Identified a +0 chain mail
  2766 | D:4      | Identified a +1 vorpal trident
  2766 | D:4      | Identified a +2 leather armour of cold resistance
  2770 | D:4      | Identified a +0 club
  2771 | D:4      | Identified a +0 dagger
  2771 | D:4      | Identified a +0 robe
  2779 | D:4      | Reached XP level 6. HP: 29/32 MP: 2/14
  2878 | D:4      | Identified a +0 giant club
  2923 | D:3      | HP: 5/32 [ogre/+0 giant club (18)]
  2927 | D:3      | Reached skill level 7 in Conjurations
  3424 | D:4      | Identified a +0 spear
  3425 | D:4      | Identified a cursed -1 spear
  3432 | D:4      | Identified a +0 spear
  3881 | D:5      | Entered Level 5 of the Dungeon
  3952 | D:5      | Identified a +0 mace
  3958 | D:5      | Identified a +0 whip
  3970 | D:5      | HP: 8/32 [worker ant (2)]
  3976 | D:5      | HP: 8/32 [poisoned by a worker ant]
  4150 | D:5      | Identified a +0 hand axe
  4150 | D:5      | Identified a +0 chain mail
  4155 | D:5      | Identified a +0 quarterstaff
  4155 | D:5      | Identified a +0 leather armour
  4175 | D:5      | Reached skill level 8 in Conjurations
  4179 | D:5      | Identified a +0 giant spiked club
  4193 | D:5      | Identified a +0 short sword
  4193 | D:5      | Identified a +0 robe
  4228 | D:5      | Reached XP level 7. HP: 27/36 MP: 0/15
  4284 | D:5      | Identified a +0 mace
  4367 | D:5      | Reached skill level 1 in Air Magic
  4367 | D:5      | Reached skill level 1 in Poison Magic
  4591 | D:5      | Identified a +0 giant club
  4593 | D:5      | Identified a +0 whip
  4593 | D:5      | Identified a +0 leather armour
  4594 | D:5      | Identified a +0 dagger
  4973 | D:5      | Reached skill level 2 in Air Magic
  4973 | D:5      | Reached skill level 2 in Poison Magic
  5158 | D:5      | Identified a scroll of enchant weapon
  5159 | D:5      | Identified a scroll of blinking
  5225 | D:6      | Identified a +0 dagger
  5228 | D:6      | Identified a +0 mace
  5228 | D:6      | Identified a +0 ring mail
  5229 | D:6      | Identified a cursed +0 dagger
  5229 | D:6      | Identified a +0 robe
  5230 | D:6      | Identified a cursed -2 club
  5230 | D:6      | Identified a +0 leather armour
  5231 | D:6      | Identified a +0 dagger
  5231 | D:6      | Identified a +0 robe
  5438 | D:6      | You fall into a shaft and drop 3 floors!
  5438 | D:9      | Found a staircase to the Lair.
  5442 | D:9      | Identified a cursed -1 whip
  5446 | D:9      | Reached skill level 5 in Spellcasting
  5450 | D:9      | Noticed a hornet
  5457 | D:9      | Paralysed by a hornet for 3 turns
  5462 | D:9      | Identified a +1 spear
  5462 | D:9      | Identified a +0 animal skin
  5462 | D:9      | Noticed Grum
  5463 | D:9      | HP: 7/36 [wolf[Grum] (4)]
  5464 | D:9      | Reached skill level 9 in Conjurations
  5480 | D:9      | Identified a cursed +0 giant club
  5540 | D:9      | Noticed a hungry ghost
  5540 | D:9      | Identified a +0 dire flail
  5540 | D:9      | Identified a +0 giant club
  5540 | D:9      | Noticed a two-headed ogre
  5555 | D:10     | Entered Level 10 of the Dungeon
  5624 | D:10     | Noticed a hippogriff
  5625 | D:10     | Identified a scroll of amnesia
  5640 | D:10     | Noticed a polar bear
  5680 | D:10     | Identified a +0 giant club
  5777 | D:9      | Identified a +0 giant club
  5777 | D:9      | Identified a +0 giant club
  5777 | D:9      | Noticed a two-headed ogre
  5794 | D:8      | Reached XP level 8. HP: 33/41 MP: 9/18
  6172 | D:8      | Identified a +0 hand axe
  6172 | D:8      | Identified a +0 scale mail
  6174 | D:8      | Reached skill level 6 in Spellcasting
  6441 | D:8      | Identified a +0 giant club
  6465 | D:7      | Found Surphygoe's Antique Armour Boutique.
  6647 | D:7      | Got an encrusted dagger
  6649 | D:7      | Identified the +4 dagger of Desperation {flame, rN+ Str+8}
                  | (You found it on level 7 of the Dungeon)
  6724 | D:7      | Found a staircase to the Ecumenical Temple.
  6735 | Temple   | Entered the Ecumenical Temple
  6750 | Temple   | Became a worshipper of Vehumet
  7025 | D:7      | Got a fine pewter ring
  7027 | D:7      | Identified the ring "Xuateef" {rElec Slay+4 Stlth-} (You
                  | found it on level 7 of the Dungeon)
  7028 | D:7      | Identified a scroll of remove curse
  7029 | D:7      | Identified a scroll of magic mapping
  7054 | D:7      | Identified a +4 war axe of freezing
  7054 | D:7      | Identified +0 acid dragon scales
  7054 | D:7      | Noticed Maggie
  7054 | D:7      | Identified a +0 giant club
  7101 | D:7      | HP: 8/41 [Maggie/+4 war axe of freezing (4)]
  7102 | D:7      | Killed Maggie
  7102 | D:7      | Reached skill level 7 in Spellcasting
  7231 | D:7      | Identified a +0 club
  7290 | D:7      | Identified a cursed +0 dagger
  7290 | D:7      | Identified a +0 short sword
  7290 | D:7      | Identified a +0 leather armour
  7290 | D:7      | Identified a +0 flail
  7361 | D:7      | Found Jiosirami's Armour Boutique.
  7369 | D:7      | Bought the cursed +1 robe "Kebafig" {rPois} for 180 gold
                  | pieces
  7385 | D:7      | Identified 3 potions of lignification
  7386 | D:7      | Identified 3 potions of cancellation
  7387 | D:7      | Identified 4 potions of ambrosia
  7429 | D:7      | Identified a +0 hand axe
  7429 | D:7      | Identified a +0 leather armour
  7443 | D:7      | Reached skill level 10 in Conjurations
  7443 | D:7      | Reached skill level 2 in Summonings
  7538 | D:7      | Identified a +0 club
  7538 | D:7      | Identified a +0 scale mail
  7538 | D:7      | Identified a +0 flail
  7538 | D:7      | Identified a +0 dagger
  7538 | D:7      | Identified a +0 chain mail
  7538 | D:7      | Identified a +0 short sword
  7623 | D:7      | Noticed Menkaure
  7642 | D:8      | HP: 10/41 [wyvern skeleton (6)]
  7643 | D:8      | Slain by a wyvern skeleton

Table legend:
 A = Turns spent in this place as a percentage of turns spent in the entire game.
 B = Non-inter-level travel turns spent in this place as a percentage of non-inter-level travel turns spent in the entire game.
 C = Inter-level travel turns spent in this place as a percentage of turns spent in this place.
 D = Turns resting spent in this place as a percentage of non-inter-level travel turns spent in this place.
 E = Turns spent auto-exploring this place as a percentage of non-inter-level travel turns spent in this place.
 F = Non-inter-level travel turns spent in this place divided by the number of levels of this place that you've seen.
                   A       B       C       D       E      F
               +-------+-------+-------+-------+-------+----------------------
         Total | 100.0 | 100.0 |   3.4 |  42.7 |  37.7 | 671.2
       Dungeon |  96.7 |  96.6 |   3.5 |  44.2 |  36.1 | 713.1
        Temple |   3.3 |   3.4 |   0.0 |   0.0 |  82.5 | 252.0
               +-------+-------+-------+-------+-------+----------------------

Table legend:
 A = Kills in this place as a percentage of kills in entire the game.
 B = Kills by you in this place as a percentage of kills by you in the entire game.
 C = Kills by friends in this place as a percentage of kills by friends in the entire game.
 D = Other kills in this place as a percentage of other kills in the entire game.
 E = Experience gained in this place as a percentage of experience gained in the entire game.
 F = Experience gained in this place divided by the number of levels of this place that you have seen.
                   A       B       C       D       E      F
               +-------+-------+-------+-------+-------+----------------------
         Total | 100.0 | 100.0 | 100.0 | 100.0 | 100.0 | 201.6
       Dungeon | 100.0 | 100.0 | 100.0 | 100.0 | 100.0 | 221.8
               +-------+-------+-------+-------+-------+----------------------

Skill      XL: |  1  2  3  4  5  6  7  8 |
---------------+-------------------------+-----
Conjurations   | 2 3 4 5 6 8 9 10 | 10.1
Air Magic      | 2 |  2.0
Poison Magic   | 2 |  2.0
Spellcasting   | 5 7 |  7.0
Summonings     | 2 |  2.3
Dodging        | |  2.4
Stealth        | |  2.4
Translocations | |  1.1

Action                   |  1- 3 |  4- 6 |  7- 9 || total
-------------------------+-------+-------+-------++-------
Melee: Dagger            |       |    11 |    33 ||    44
Throw: Stone             |     3 |       |       ||     3
 Cast: Magic Dart        |    89 |   140 |   160 ||   389
       Call Imp          |     4 |       |    10 ||    14
       Mephitic Cloud    |       |     7 |    18 ||    25
  Use: Scroll            |     2 |     4 |    12 ||    18
       Potion            |       |     3 |     3 ||     6
 Stab: Confused          |       |     1 |     5 ||     6
       Sleeping          |       |       |     1 ||     1
  Eat: Chunk             |     2 |     7 |     8 ||    17
       Ration            |       |       |     1 ||     1
Armor: Robe              |       |     4 |    11 ||    15
Dodge: Dodged            |     2 |    21 |    78 ||   101

Vanquished Creatures
  5 ogres
  2 bullfrogs
  A scorpion (D:8)
  A centaur zombie (D:8)
  4 hounds
  A jelly (D:5)
  3 orc priests
  4 orc wizards
  A bullfrog skeleton (D:5)
  Jessica (D:3)
  2 worker ants
  A worker ant zombie (D:8)
  Robin (D:3)
  7 gnolls
  7 adders
  An ooze (D:1)
  3 worms (D:2)
  2 dart slugs (D:1)
  3 leopard geckos
  25 orcs
  5 giant cockroaches
  17 goblins
  3 hobgoblins
  6 jackals
  7 kobolds
  5 quokkas
  6 bats
  5 frilled lizards
  A quokka skeleton (D:5)
  7 rats
137 creatures vanquished.

Vanquished Creatures (collateral kills)
  Maggie (D:7)
  A worm (D:2)
2 creatures vanquished.

Vanquished Creatures (others)
  4 fungi (D:9)
  2 plants (D:9)
6 creatures vanquished.

Grand Total: 145 creatures vanquished
